 Dungeon Crawl Stone Soup version 0.22-a0-159-g7ce444f (webtiles) character file.

8 theanonym the Magician (level 2, 0/22 HPs)
             Began as a Mummy Skald on Feb 9, 2018.
             Slain by a jackal (1 damage)
             ... on level 1 of the Dungeon.
             The game lasted 00:00:27 (127 turns).

theanonym the Magician (Mummy Skald)                 Turns: 127, Time: 00:00:28

Health: 0/22       AC:  3    Str: 14    XL:     2   Next: 0%
Magic:  1/5        EV: 11    Int: 12    God:
Gold:   18         SH:  0    Dex: 11    Spells: 5/6 levels left

rFire    x . .     SeeInvis .   a - +0 mace
rCold    + . .     Gourm    .   (no shield)
rNeg     + + +     Faith    .   b - +0 leather armour
rPois    ∞         Spirit   .   (no helmet)
rElec    .         Reflect  .   (no cloak)
rCorr    .         Harm     .   (no gloves)
MR       .....                  (no boots)
Stlth    +.........             (no amulet)
HPRegen  0.07/turn              (no ring)
MPRegen  0.09/turn              (no ring)

@: infused (expiring)
A: no food or potions, fire vulnerability, cold resistance 1, negative energy
resistance 3, torment resistance, unbreathing
a: no special abilities


Innate Abilities, Weirdness & Mutations

You do not eat or drink.
Your flesh is vulnerable to fire.
You are immune to poison.
Your flesh is cold resistant. (rC+)
You are immune to negative energy. (rN+++)
You are immune to unholy pain and torment.
You can survive without breathing.


   Skills:
 + Level 2.2 Fighting
 * Level 2.0 Maces & Flails
 - Level 0.7 Armour
 - Level 1.5 Dodging
 - Level 2.6 Spellcasting
 - Level 2.4 Charms


You had 5 spell levels left.
You knew the following spells:

 Your Spells              Type           Power        Failure   Level  Hunger
a - Infusion              Chrm           #...         12%         1    N/A

Skill      XL: |  1 |
---------------+----+-----
Maces & Flails | 2 |  2.0
Fighting       | |  2.2
Armour         | |  0.7
Dodging        | |  1.5
Spellcasting   | |  2.6
Charms         | |  2.4

Action                   || total
-------------------------++-------
Melee: Mace              ||    16
 Cast: Infusion          ||     2
Armor: Leather armour    ||     5
Dodge: Dodged            ||    13

Inventory:

Hand Weapons
 a - a +0 mace (weapon)
Armour
 b - a +0 leather armour (worn)
Scrolls
 d - 2 scrolls of identify {unknown}
 e - 2 scrolls of teleportation {unknown}
Books
 c - a book of Battle


You were on level 1 of the Dungeon.
You were not hungry.

You visited 1 branch of the dungeon, and saw 1 of its levels.

You collected 18 gold pieces.

Dungeon Overview and Level Annotations

Branches:
Dungeon (1/15)

Altars:

≈.P≈≈PPP≈≈.P≈# ....
≈P♣≈≈≈≈≈≈≈.P≈#####..###.#
≈!P≈..!..≈..≈#...#†....#.
≈≈≈≈.###.≈≈≈≈#...#..# .## . .#
.....#§#.....'..<#K.###.$ . ..#
≈≈≈≈.###.≈≈≈≈#...#..#.#.## .##.#
≈P.≈.....≈♣P≈#...#........ .#..#
≈♣P≈≈≈≈≈≈≈P♣≈#####g###.####.....
≈P.≈≈♣P♣≈≈PP≈##.@hg###......♣
≈.♣≈≈.P♣≈≈♣♣≈##.##.........♣
≈♣.≈≈♣♣P≈≈P♣≈##.##.##.###.♣♣ ..
≈P.≈≈P.♣≈≈♣P≈##.##.##.##..♣ ....
≈.P≈≈.♣♣≈≈P♣≈##.##.##....♣♣.PP♣
≈.P≈≈P♣ ≈≈♣♣≈##.##.##.#......♣
≈P♣≈≈♣♣ ≈♣ #.##.........P♣♣
≈≈≈≈≈≈ #..###...#.♣♣♣♣
################......##..♣


You could see a jackal and 2 goblins.

Notes
Turn   | Place    | Note
-------+----------+-------------------------------------------
     0 | D:1      | theanonym the Mummy Skald began the quest for the Orb.
     0 | D:1      | Reached XP level 1. HP: 16/16 MP: 4/4
   111 | D:1      | Reached skill level 2 in Maces & Flails
   113 | D:1      | HP: 7/16 [goblin (2)]
   120 | D:1      | HP: 2/16 [jackal (2)]
   124 | D:1      | Reached XP level 2. HP: 2/22 MP: 1/5
   126 | D:1      | HP: 1/22 [jackal (1)]
   127 | D:1      | Slain by a jackal

Vanquished Creatures
  A dart slug (D:1)
  A goblin (D:1)
  3 jackals (D:1)
5 creatures vanquished.

Table legend:
 A = Turns spent in this place as a percentage of turns spent in the entire game.
 B = Non-inter-level travel turns spent in this place as a percentage of non-inter-level travel turns spent in the entire game.
 C = Inter-level travel turns spent in this place as a percentage of turns spent in this place.
 D = Turns resting spent in this place as a percentage of non-inter-level travel turns spent in this place.
 E = Turns spent auto-exploring this place as a percentage of non-inter-level travel turns spent in this place.
 F = Non-inter-level travel turns spent in this place divided by the number of levels of this place that you've seen.
                   A       B       C       D       E      F
               +-------+-------+-------+-------+-------+----------------------
         Total | 100.0 | 100.0 |   0.0 |  15.7 |  56.7 | 127.0
       Dungeon | 100.0 | 100.0 |   0.0 |  15.7 |  56.7 | 127.0
               +-------+-------+-------+-------+-------+----------------------
